 Dungeon Crawl Stone Soup version 0.29-a0-338-g1ff7896281 (webtiles) character file.

Game seed: 8436390389981575385

94 siradein the Vandal (level 4, 0/40 HPs)
             Began as a Naga Hunter on Apr 18, 2022.
             Slain by Grinder (8 damage)
             ... while paralysed by Grinder
             ... on level 3 of the Dungeon.
             The game lasted 00:05:37 (2881 turns).

siradein the Vandal (Naga Hunter)                   Turns: 2881, Time: 00:05:38

Health: 0/40       AC:  3    Str: 14    XL:     4   Next: 63%
Magic:  4/4        EV:  1    Int:  9    God:
Gold:   197        SH:  0    Dex: 16    Spells: 3/3 levels left

rFire   . . .      SeeInvis +   a - +1 hunting sling
rCold   . . .      Faith    .   (no shield)
rNeg    . . .      Spirit   .   b - +0 leather armour
rPois   +          Reflect  .   o - +0 helmet
rElec   .          Harm     .   (no cloak)
rCorr   .          Rampage  .   (no gloves)
Will    .....                   (no barding)
Stlth   ++........              (no amulet)
HPRegen 0.13/turn               (no ring)
MPRegen 0.09/turn               (no ring)

@: paralysed, very slow
A: AC +1, large, see invisible, deformed body, poison resistance, slowness 2,
spit poison 1, naga tail 1
a: Spit Poison


You were on level 3 of the Dungeon.
You visited 1 branch of the dungeon, and saw 4 of its levels.

You collected 197 gold pieces.

Inventory:

Hand Weapons
 a - a +1 hunting sling (weapon)
Armour
 b - a +0 leather armour (worn)
 o - a +0 helmet (worn)
Scrolls
 c - a scroll of immolation
 e - 2 scrolls of fog {unknown}
 g - 2 scrolls of vulnerability {unknown}
 i - a scroll of silence {unknown}
 j - a scroll of blinking {unknown}
 k - a scroll of enchant armour {unknown}
 l - a scroll of teleportation {unknown}
 n - a scroll of summoning {unknown}
 p - 2 scrolls of noise {unknown}
 q - a scroll of torment {unknown}
 r - a scroll of magic mapping {unknown}
 t - a scroll of amnesia {unknown}
Potions
 f - a potion of lignification
 h - a potion of attraction
 m - 2 potions of heal wounds
 s - 2 potions of brilliance


   Skills:
 + Level 2.8 Fighting
 + Level 4.1 Slings
 + Level 2.3 Dodging
 + Level 3.5 Stealth


You had 3 spell levels left.
You didn't know any spells.
Your spell library was empty.

Dungeon Overview and Level Annotations

Branches:
Dungeon (4/15)
 Temple: D:4-7

Altars:

Annotations:
D:3 1 runed translucent door, Crazy Yiuf, Grinder


Innate Abilities, Weirdness & Mutations

Your serpentine skin is tough. (AC +1)
You have supernaturally acute eyesight. (SInv)
Armour fits poorly on your strangely shaped body.
Your system is resistant to poisons. (rPois)
You cover ground very slowly.
You can spit poison.
You have a snake-like lower body.


Message History

You shoot a sling bullet. The sling bullet barely misses Grinder.
You shoot a sling bullet. The sling bullet hits Grinder.
Grinder is lightly wounded.
Grinder closely misses you. Grinder gestures at you.
Pain shoots through your body!
You shoot a sling bullet.
The sling bullet closely misses Grinder.
You have got your breath back.
Grinder closely misses you.
You shoot a sling bullet.
The sling bullet completely misses Grinder.
Grinder blinks!
Aiming: Spit Poison (1% risk of failure)
Press: ? - help, Shift-Dir - straight line, f/p - Grinder
Aim: Grinder (lightly wounded, 54% to hit)
The splash of poison misses Grinder.
Grinder says, "Wait up."
Unknown command.
You shoot a sling bullet.
The sling bullet hits Grinder but does no damage.
Grinder is lightly wounded.
Grinder gestures at you. You resist with significant effort.
You shoot a sling bullet.
The sling bullet closely misses Grinder.
Grinder hits you.
You writhe in agony.
You shoot a sling bullet. The sling bullet barely misses Grinder.
Grinder gestures at you.
You suddenly lose the ability to move!
Grinder hits you.
You writhe in agony.
You have got your breath back.
Grinder gestures at you.
You shrug off the repeated paralysis!
Grinder hits you!
* * * LOW HITPOINT WARNING * * *
You writhe in agony.
* * * LOW HITPOINT WARNING * * *
Grinder hits you!
You die...

###.###...........# #.
#..##...###.#
#.###(.###### # ##
###...#...# ..
........#.# #. ###.#...#
#. #.#.######.
.#####.#######.#........
......(.......@.........
..?....#######5#########
....... #.# ....... #.#
##......# #.# ...#....#
#.# #$..#.#. ...
.###..... ..# ## #.# ###


You could see Grinder.

Vanquished Creatures
  4 adders
  4 dart slugs
  4 endoplasms
  3 giant cockroaches
  8 goblins
  5 hobgoblins
  3 quokkas (D:2)
  4 ball pythons
  4 bats
  A frilled lizard (D:1)
  2 kobolds
  6 rats
48 creatures vanquished.

Vanquished Creatures (others)
  5 toadstools (D:3)
5 creatures vanquished.

Grand Total: 53 creatures vanquished

Notes
Turn   | Place    | Note
-------+----------+-------------------------------------------
     0 | D:1      | siradein the Naga Hunter began the quest for the Orb.
     0 | D:1      | Reached XP level 1. HP: 19/19 MP: 1/1
   147 | D:1      | Found a faded altar of an unknown god.
   228 | D:1      | Reached XP level 2. HP: 26/26 MP: 2/2
   917 | D:2      | Reached XP level 3. HP: 31/33 MP: 3/3
  1045 | D:2      | You fall into a shaft and drop 2 floors!
  1448 | D:3      | Found a runed translucent door.
  1449 | D:3      | Noticed Crazy Yiuf
  1667 | D:3      | Noticed Grinder
  1846 | D:2      | Reached skill level 4 in Slings
  1876 | D:2      | Reached XP level 4. HP: 15/40 MP: 4/4
  2877 | D:3      | Paralysed by Grinder for 5 turns
  2881 | D:3      | Slain by Grinder

Illustrated notes

Levels and vault maps discovered:
D:1:      lightli_arrival_maybe_door_vault, layout_basic,
          hellmonk_ecumenical_altar_pennies_from_heaven, patterned_corridor
D:2:      layout_loops_corners, columned_hall_lemuel
D:3:      layout_loops_ring, grunt_ministairs_15, minmay_gold_behind_fungi,
          hangedman_decor_growths, minivault_11, uniq_grinder,
          uniq_crazy_yiuf_cottage
D:4:      layout_cave_pools, kennysheep_another_room

Skill      XL: |  1  2  3 |
---------------+----------+-----
Stealth        | 2 3 |  3.5
Dodging        | 2 |  2.3
Slings         | 4 |  4.1
Fighting       | |  2.8

Action                   |  1- 3 |  4- 6 || total
-------------------------+-------+-------++-------
 Fire: Hunting sling     |   124 |    50 ||   174
 Abil: Spit Poison       |     8 |     5 ||    13
  Use: Scroll            |       |     4 ||     4
Armor: Leather armour    |    16 |     3 ||    19
Dodge: Dodged            |    31 |     8 ||    39

Table legend: (Time is in decaauts)
 A = Elapsed time spent in this place.
 B = Non-inter-level travel time spent in this place.
 C = Inter-level travel time spent in this place.
 D = Time resting spent in this place.
 E = Time spent auto-exploring this place.
 F = Levels seen in this place.
 G = Mean time per level.
                   A        B        C        D        E       F      G
               +--------+--------+--------+--------+--------+-----+--------+
         Total |   3666 |   3554 |    112 |      0 |   3009 |   4 |  916.5 |
       Dungeon |   3666 |   3554 |    112 |      0 |   3009 |   4 |  916.5 |
               +--------+--------+--------+--------+--------+-----+--------+

Top non-repeatable levels by time:
     D:2: 1643 daAuts
     D:1: 1064 daAuts
     D:3: 950 daAuts
     D:4: 7 daAuts
